 Dungeon Sprint DCSS version 0.28.0-53-g5a82cb258f (webtiles) character file.

Game seed: 15386445028174726671

10083 Zeld the Slayer (level 11, -7/127 HPs)
             Began as a Minotaur Berserker on June 5, 2022.
             Was the Champion of Trog.
             Killed by divine providence
             ... invoked by an orc high priest
              (17 damage)
             ... in the Dungeon (Sprint IX: "|||||||||||||||||||||||||||||").
             The game lasted 00:04:00 (2920 turns).

Zeld the Slayer (Minotaur Berserker)                Turns: 2920, Time: 00:04:00

Health: -7/127     AC: 17    Str: 25    XL:     11   Next: 31%
Magic:  10/10      EV:  9    Int:  4    God:    Trog [******]
Gold:   1263       SH:  0    Dex:  6    Spells: 10/10 levels left

rFire   + + +      SeeInvis .   m - +1 war axe "Ifabexuy" {vorpal, Contam rF+++ rCorr Dex-5}
rCold   . . .      Faith    .   (no shield)
rNeg    . . .      Spirit   .   k - +0 plate armour
rPois   .          Reflect  .   (helmet restricted)
rElec   .          Harm     .   (no cloak)
rCorr   +          Rampage  .   l - +2 pair of gloves
Will    ++...      NoTele   +   b - +2 pair of boots
Stlth   ..........              (no amulet)
HPRegen 1.31/turn               (no ring)
MPRegen 0.12/turn               (no ring)

@: strong-willed, on berserk cooldown, regenerating, slowed, very slow
A: horns 2, retaliatory headbutt
a: Renounce Religion, Berserk, Trog's Hand, Brothers in Arms


You were in the Dungeon.
You worshipped Trog.
Trog was exalted by your worship.
You visited 1 branch You collected 1263 gold pieces.

Inventory:

Hand Weapons
 a - a +4 executioner's axe of flaming
 m - the +1 war axe "Ifabexuy" (weapon) {vorpal, Contam rF+++ rCorr Dex-5}
   (You found it in the Dungeon)

   It inflicts extra damage upon your enemies.
   Dex:       It affects your dexterity (-5).
   rF:        It renders you almost immune to fire.
   Contam:    It causes magical contamination when unequipped.
   rCorr:     It protects you from acid and corrosion.
Armour
 b - a +2 pair of boots (worn)
 k - a +0 plate armour (worn)
 l - a +2 pair of gloves (worn)
Wands
 j - a wand of iceblast (10)
Scrolls
 o - a scroll of identify
 q - a scroll of fear
Potions
 c - 5 potions of curing
 d - 3 potions of heal wounds
 e - a potion of haste
 f - 4 potions of magic
 g - 3 potions of berserk rage
 i - a potion of invisibility


   Skills:
 * Level 21.0 Fighting
 * Level 21.0 Axes
 - Level 2.4 Armour
 + Level 14.1 Dodging


You had 10 spell levels left.
You didn't know any spells.
Your spell library was empty.

Dungeon Overview and Level Annotations

Branches:
Dungeon (1/1)

Altars:
Cheibriados
Dithmenos
Elyvilon
Fedhas
Gozag
Hepliaklqana
Kikubaaqudgha
Makhleb
Nemelex Xobeh
Okawaru
Qazlal
Ru
Sif Muna
Trog
Uskayaw
Vehumet
Wu Jian
Xom
Yredelemnul
Zin
The Shining One
Beogh
Jiyva
Lugonu

Shops:
D **


Innate Abilities, Weirdness & Mutations

You have a pair of horns on your head.
You reflexively headbutt those who attack you in melee.


Message History

You slash the orc knight! You headbutt the orc knight!
The orc knight is heavily wounded.
You slice the orc knight!!
The orc knight is almost dead.
The orc knight hits you with a +0 great sword!!
* * * LOW HITPOINT WARNING * * *
The orc high priest utters an invocation to Beogh.
You slash the orc knight!
You kill the orc knight!
Trog accepts your kill.
Your Fighting skill increases to level 21!
Your Axes skill increases to level 21!
The orc high priest hits you with a +0 hand axe!
* * * LOW HITPOINT WARNING * * *
Items here: $ ) [ †.
You slice the orc high priest!!
The orc high priest is heavily wounded.
The orc high priest prays to Beogh.
Things that are here:
a +2 glaive; a +0 plate armour; 50 gold pieces You feel a strong urge to attack something.
The orc high priest calls upon Beogh to heal the orc high priest.
The orc high priest is healed somewhat.
There is an open door to Orc:2, spattered with blood here.
Things that are here:
a +0 dire flail; a +0 leather armour You are no longer berserk.
You are exhausted.
You feel yourself slow down.
You see here a +2 vorpal battleaxe.
Blink to where?
Press: ? - help, Dir - move target
As you read the scroll of blinking, it crumbles to dust.
Your skin crawls.
You feel strong-willed.
Your cyclops goes berserk!
You swap places.
The orc high priest invokes the aid of Beogh against you.
Beogh smites you!
You die...

▓▓▓▓▓▓▓▓▓▓▓▓▓▓▓▓▓▓▓▓▓▓▓▓▓▓▓▓▓▓▓▓▓
))))).))....))))@C...3.o))3)ooo3o
▓▓▓▓▓▓▓▓▓▓▓▓▓▓▓▓▓▓▓▓▓▓▓▓▓▓▓▓▓▓▓▓▓
.................................
▓▓▓▓▓▓▓▓▓▓▓▓▓▓▓▓▓▓▓▓▓▓▓▓▓▓▓▓▓▓▓▓▓
?....[÷)÷.......÷)÷÷......'.)....
▓▓▓▓▓▓▓▓▓▓▓▓▓▓▓▓▓▓▓▓▓▓▓▓▓▓▓▓▓▓▓▓▓
.................................
▓▓▓▓▓▓▓▓▓▓▓▓▓▓▓▓▓▓▓▓▓▓▓▓▓▓▓▓▓▓▓▓▓
.'________________________'.?))..


You could see an orc high priest, a ynoxinul (summoned, ally target) and a
friendly cyclops (summoned, berserk).

Vanquished Creatures
  A hydra (D)
  A catoblepas (D)
  An orc high priest (D)
  4 orc knights (D)
  An orc sorcerer (D)
  An ugly thing (D)
  A manticore (D)
  3 cane toads (D)
  2 unseen horrors (D)
  2 komodo dragons (D)
  A polar bear (D)
  3 yaks (D)
  A steam dragon (D)
  2 wargs (D)
  A hell hound (D)
  3 water moccasins (D)
  10 orc warriors (D)
  5 wolves (D)
  A phantom (D)
  5 bullfrogs (D)
  2 orc priests (D)
  4 orc wizards (D)
  A white imp (D)
  An adder zombie (D)
  9 orcs (D)
  A ball python (D)
  A hobgoblin (D)
  A jackal (D)
  A ball python zombie (D)
  A bat (D)
  A frilled lizard (D)
  A goblin (D)
73 creatures vanquished.

Vanquished Creatures (collateral kills)
  A cyclops (D)
  A tarantella (shapeshifter) (D)
2 creatures vanquished.

Vanquished Creatures (others)
  A ball python zombie (D)
1 creature vanquished.

Grand Total: 76 creatures vanquished

Notes
Turn   | Place    | Note
-------+----------+-------------------------------------------
     0 | D        | Zeld the Minotaur Berserker began the quest for the Orb.
     0 | D        | Reached XP level 1. HP: 19/19 MP: 0/0
     7 | D        | Reached ** piety under Trog
   129 | D        | Noticed a phantom
   132 | D        | Reached skill level 5 in Fighting
   132 | D        | Reached skill level 5 in Axes
   132 | D        | Reached XP level 2. HP: 29/29 MP: 1/1
   133 | D        | Reached *** piety under Trog
   145 | D        | Killed a phantom
   146 | D        | Reached XP level 3. HP: 30/39 MP: 2/2
   146 | D        | Reached XP level 4. HP: 37/47 MP: 3/3
   148 | D        | Reached **** piety under Trog
   176 | D        | Found a snail-covered altar of Cheibriados.
   176 | D        | Found a shadowy altar of Dithmenos.
   176 | D        | Found a white marble altar of Elyvilon.
   176 | D        | Found a blossoming altar of Fedhas.
   176 | D        | Found an opulent altar of Gozag.
   190 | D        | Found a hazy altar of Hepliaklqana.
   281 | D        | Found a viscous altar of Jiyva.
   305 | D        | Found an ancient bone altar of Kikubaaqudgha.
   330 | D        | Found a corrupted altar of Lugonu.
   337 | D        | Found a burning altar of Makhleb.
   338 | D        | Found a sparkling altar of Nemelex Xobeh.
   339 | D        | Found an iron altar of Okawaru.
   340 | D        | Found a stormy altar of Qazlal.
   341 | D        | Found a sacrificial altar of Ru.
   342 | D        | Found a shimmering blue altar of Sif Muna.
   343 | D        | Found a bloodstained altar of Trog.
   344 | D        | Found a hide-covered altar of Uskayaw.
   345 | D        | Found a radiant altar of Vehumet.
   346 | D        | Found an ornate altar of the Wu Jian Council.
   347 | D        | Found a shimmering altar of Xom.
   348 | D        | Found a basalt altar of Yredelemnul.
   349 | D        | Found a glowing silver altar of Zin.
   350 | D        | Found a glowing golden altar of the Shining One.
   382 | D        | Noticed an orc warrior
   382 | D        | Noticed an orc warrior
   382 | D        | Noticed a steam dragon
   385 | D        | Killed an orc warrior
   386 | D        | Reached skill level 5 in Dodging
   386 | D        | Reached XP level 5. HP: 57/57 MP: 4/4
   389 | D        | Killed an orc warrior
   390 | D        | Reached skill level 10 in Fighting
   390 | D        | Reached skill level 10 in Axes
   390 | D        | Reached XP level 6. HP: 66/66 MP: 5/5
   393 | D        | Killed an unseen horror
   395 | D        | Killed a steam dragon
   397 | D        | Reached ***** piety under Trog
   797 | D        | Noticed a manticore
   797 | D        | Noticed a cyclops
   797 | D        | Noticed a tarantella
   797 | D        | Noticed a purple ugly thing
   797 | D        | Noticed a catoblepas
   802 | D        | Killed a manticore
   803 | D        | Reached XP level 7. HP: 56/79 MP: 6/6
   818 | D        | Killed a cyclops
   819 | D        | Reached XP level 8. HP: 51/89 MP: 7/7
   828 | D        | Killed a tarantella
   846 | D        | Killed a purple ugly thing
   847 | D        | Reached skill level 15 in Fighting
   847 | D        | Reached skill level 15 in Axes
   847 | D        | Reached skill level 10 in Dodging
   864 | D        | Killed an unseen horror
   865 | D        | Reached XP level 9. HP: 63/97 MP: 8/8
   868 | D        | Killed a catoblepas
  1212 | D        | Noticed a komodo dragon
  1213 | D        | Noticed a six-headed hydra
  1220 | D        | Killed a komodo dragon
  1227 | D        | Noticed a komodo dragon
  1229 | D        | Killed an 11-headed hydra
  1233 | D        | Received a gift from Trog
  1256 | D        | Reached XP level 10. HP: 53/112 MP: 9/9
  1489 | D        | Noticed a cane toad
  1491 | D        | Noticed a cane toad
  1494 | D        | Killed a cane toad
  1499 | D        | Noticed a cane toad
  1516 | D        | Killed a cane toad
  1516 | D        | Received a gift from Trog
  1517 | D        | Killed a cane toad
  1843 | D        | Reached ****** piety under Trog
  1854 | D        | Received a gift from Trog
  1996 | D        | Got the +1 war axe "Ifabexuy" {vorpal, Contam rF+++ rCorr
                  | Dex-5}
  2326 | D        | Noticed an orc knight
  2339 | D        | Killed an orc knight
  2342 | D        | Received a gift from Trog
  2358 | D        | Received a gift from Trog
  2579 | D        | Noticed an orc sorcerer
  2588 | D        | Killed an orc sorcerer
  2589 | D        | Reached XP level 11. HP: 116/124 MP: 10/10
  2594 | D        | Noticed an orc knight
  2598 | D        | Received a gift from Trog
  2619 | D        | Killed an orc knight
  2890 | D        | Found Gaummiulepu's General Store.
  2890 | D        | Noticed an orc high priest
  2890 | D        | Noticed an orc knight
  2890 | D        | Noticed an orc knight
  2890 | D        | Noticed an orc high priest
  2890 | D        | Noticed an orc high priest
  2891 | D        | Noticed an orc knight
  2894 | D        | Killed an orc high priest
  2894 | D        | Received a gift from Trog
  2898 | D        | Noticed an orc high priest
  2901 | D        | Noticed a sixfirhy
  2901 | D        | Killed an orc knight
  2902 | D        | Found Foumn's General Store.
  2902 | D        | Noticed an orc high priest
  2911 | D        | Killed an orc knight
  2912 | D        | HP: 4/190 [orc high priest/+0 hand axe (11)]
  2920 | D        | Killed from afar by an orc high priest

Illustrated notes

Levels and vault maps discovered:
D:        linesprint [early_d, line_temple, items_1, d_10, items_2, lair_1,
          lair_end, items_3, orc_1, orc_end, items_4, d_15, swamp_1, shoals_1,
          snake_1, spider_1, d_20, vaults_1, items_5, swamp_end, shoals_end,
          snake_end, spider_end, vaults_end, d_27, items_6, zot_1, zot_end,
          crypt_end, forest_end, elf_end, slime_end, tomb_end, abyss_end,
          pan_hell_end]

Skill      XL: |  1  2  3  4  5  6  7  8  9 10 11 |
---------------+----------------------------------+-----
Fighting       | 5 7 9 10 13 14 15 17 20 21 | 21.0
Axes           | 5 7 9 10 13 14 15 17 20 21 | 21.0
Dodging        | 3 4 5 6 8 9 10 11 13 14 | 14.1
Armour         | |  2.4

Action                   |  1- 3 |  4- 6 |  7- 9 | 10-12 || total
-------------------------+-------+-------+-------+-------++-------
Melee: Hand axe          |    17 |     2 |       |       ||    19
       Headbutt          |     2 |     2 |     5 |    23 ||    32
       Punch             |     1 |     1 |     1 |     1 ||     4
       War axe           |       |    13 |    36 |   144 ||   193
Invok: Berserk           |     1 |     2 |     2 |     4 ||     9
       Brothers in Arms  |       |       |     1 |     2 ||     3
       Trog's Hand       |       |       |       |     1 ||     1
  Use: Potion            |       |       |     3 |       ||     3
       Scroll            |       |       |     7 |     1 ||     8
 Stab: Petrified         |       |       |     2 |       ||     2
Armor: Animal skin       |     1 |       |       |       ||     1
       Plate armour      |       |     2 |    21 |    36 ||    59
Dodge: Dodged            |     8 |     7 |    13 |    21 ||    49
